 Dungeon Crawl Stone Soup version 0.20.0-15-g7f486f2 (webtiles) character file.

326725 greprep the Shatterer (level 20, -2/193 HPs)
             Began as a Minotaur Fighter on June 23, 2017.
             Was the Champion of Qazlal.
             Killed from afar by an acid blob (9 damage)
             ... with a splash of acid
             ... created by the Royal Jelly
             ... on level 5 of the Pits of Slime.
             The game lasted 01:42:51 (40486 turns).

greprep the Shatterer (Minotaur Fighter)           Turns: 40486, Time: 01:42:52

Health: -2/193     AC: 30    Str: 32    XL:     20   Next: 76%
Magic:  23/23      EV: 25    Int:  8    God:    Qazlal [******]
Gold:   2936       SH:  0    Dex: 17    Spells: 19/19 levels left

rFire    . . .     SeeInvis .   a - +8 great mace "Asto" {crush, *Contam rElec MR++}
rCold    + . .     Gourm    .   (shield currently unavailable)
rNeg     . . .     Faith    .   x - +12 chain mail of Noschog {Slay+3}
rPois    +         Spirit   .   R - +2 hat {Int+3}
rElec    +         Reflect  .   z - +1 cloak {rPois}
rCorr    .         Harm     .   O - +2 pair of gloves
MR       ++++.     Rnd*Rage +   Y - +2 pair of boots {Fly}
Stlth    ..........             k - amulet of regeneration
Regen    0.0/turn               C - +5 ring of slaying
MPRegen  0.2/turn               L - ring of Xalaffit {MR+ Dex+3}

@: confused, mighty, agile, protected from cold, corroded, flying, very slightly
contaminated, hasted, invisible, repel missiles, very quick
A: retaliatory headbutt, horns 2, berserk 1, blurry vision 2, clumsy 2, deformed
body, deterioration 1, low mp 2, screaming 1, inhibited regeneration, MP-powered
wands
}: 2/15 runes: barnacled, gossamer
a: Upheaval, Elemental Force, Disaster Area, Renounce Religion, Stop Flying


You were on level 5 of the Pits of Slime.
You worshipped Qazlal.
Qazlal was exalted by your worship.
You were full.

You visited 7 branches of the dungeon, and saw 39 of its levels.
You also visited: Sewer, Ossuary, Bailey and Ice Cave.

You collected 4036 gold pieces.
You spent 1100 gold pieces at shops.

Inventory:

Hand Weapons
 a - the +8 great mace "Asto" (weapon) {crush, *Contam rElec MR++}
   (You found it in an ice cave)

   It inflicts extra damage upon your enemies.
   It insulates you from electricity.
   It affects your resistance to hostile enchantments.
   It causes magical contamination when unequipped.
 b - a +2 mace of protection
 j - a +0 eveningstar of holy wrath
Armour
 c - a +0 shield
 x - the +12 chain mail of Noschog (worn) {Slay+3}
   (You found it on level 15 of the Dungeon)

   It affects your accuracy and damage with ranged weapons and melee attacks
   (+3).
 z - a +1 cloak of poison resistance (worn)
 O - a +2 pair of gloves (worn)
 R - a +2 hat of intelligence (worn)
 S - a +0 crystal plate armour
 Y - a +2 pair of boots of flying (worn)
Jewellery
 k - an amulet of regeneration (around neck)
 y - a +3 ring of evasion
 C - a +5 ring of slaying (left hand)
 L - the ring of Xalaffit (right hand) {MR+ Dex+3}
   (You found it on level 3 of the Elven Halls)

   [ring of dexterity]

   It affects your dexterity (+3).
   It affects your resistance to hostile enchantments.
 U - an uncursed ring of positive energy
Wands
 E - a wand of digging (2/24)
 H - a wand of disintegration (10/24)
Scrolls
 d - 7 scrolls of recharging
 g - 3 scrolls of fear
 h - 4 scrolls of magic mapping
 n - 14 scrolls of remove curse
 w - 2 scrolls of holy word
 F - 8 scrolls of fog
 G - 11 scrolls of teleportation
 I - 3 scrolls of enchant weapon
 J - 5 scrolls of identify
 N - 7 scrolls of enchant armour
 P - 3 scrolls of silence
 V - 3 scrolls of brand weapon
Potions
 i - 2 potions of berserk rage
 o - 7 potions of agility
 p - 4 potions of lignification
 t - 11 potions of curing
 u - 7 potions of ambrosia
 D - 3 potions of haste
 W - 3 potions of invisibility
Comestibles
 f - 11 bread rations
 l - 23 fruits
 B - 14 meat rations
 M - 16 royal jellies


   Skills:
 * Level 20.1 Fighting
 + Level 21.6 Maces & Flails
 * Level 17.0 Armour
 * Level 16.1 Dodging
 - Level 14.8 Shields
 * Level 14.2 Invocations


You had 19 spell levels left.
You didn't know any spells.

Dungeon Overview and Level Annotations

Branches:
Dungeon (15/15)            Temple (0/1) D:7            Lair (6/6) D:11
 Shoals (4/4) Lair:4       Spider (4/4) Lair:2        Slime (5/5) Lair:5
    Orc (2/2) D:11            Elf (3/3) Orc:2        Vaults (0/5) D:13
 Depths (0/5) D:15

Altars:
Ashenzari
Dithmenos
Elyvilon
Fedhas
Gozag
Makhleb
Nemelex Xobeh
Okawaru
Qazlal
Ru
Sif Muna
Yredelemnul
The Shining One
Jiyva

Shops:
Orc:1 *   Orc:2 [[}:   Elf:3 [


Innate Abilities, Weirdness & Mutations

You reflexively headbutt those who attack you in melee.
You have a pair of horns on your head.
You tend to lose your temper in combat.
Scrolls take you longer to read.
You are very clumsy. (Dex -4)
Armour fits poorly on your strangely shaped body.
Your body sometimes deteriorates upon taking damage.
Your magical capacity is very low. (-20% MP)
You occasionally shout uncontrollably at your foes.
You do not regenerate when monsters are visible.
You expend magic power (3 MP) to strengthen your wands.


Message History

The acid burns!
* * * LOW HITPOINT WARNING * * *
The acid blob spits acid at you. The splash of acid hits you!
You are splashed with acid!
The acid burns!
* * * LOW HITPOINT WARNING * * *
Cornered, the azure jelly turns to fight!
You block the death ooze's attack. The death ooze closely misses you.
The death ooze misses you. x2
Okay, then.
You are confused.
You feel invigorated.
The death ooze is struck by lightning.
The acid blob is engulfed in freezing vapours.
The death ooze completely misses you. The death ooze barely misses you.
The acid blob hits you!
* * * LOW HITPOINT WARNING * * *
You are splashed with acid!
The acid burns!
* * * LOW HITPOINT WARNING * * *
The acid blob spits acid at you. The splash of acid hits you!
You die...

##### #####.J#.#
# #....#...#.##
####.J.........#
##....§.JJJ......
......JJJJJ......
......JJ@JJJ.....
.......JGJJ......
......§GGJ.......
.................
...............J.
........J........
.................
...............J
...............


You could see 5 acid blobs, 4 azure jellies, 2 great orbs of eyes, 3 slime
creatures, a shining eye and 10 death oozes.

Vanquished Creatures
  the Royal Jelly (Slime:5)
  Arachne (Spider:3)
  Rupert (D:13)
  5 acid blobs
  2 deep elf blademasters (Elf:3)
  2 deep elf master archers (Elf:3)
  A shadow dragon (shapeshifter) (D:15)
  Kirke (Shoals:1)
  A kraken (Shoals:4)
  Agnes (Elf:2)
  The ghost of Britaniac the Thaumaturge, an adept DEFE of Vehumet (Spider:4)
  Ilsuiw (Shoals:4)
  8 azure jellies
  A frost giant (IceCv)
  Aizul (Elf:3)
  6 ghost moths
  5 deep elf sorcerers
  7 emperor scorpions
  6 deep elf elementalists
  An entropy weaver (Spider:2)
  7 deep elf demonologists
  8 deep elf annihilators
  2 death oozes
  6 merfolk javelineers
  A fire dragon (D:13)
  5 deep elf death magi
  The ghost of theElss the Fighter, a journeyman GrBe of Trog (IceCv)
  A deep elf high priest (Elf:3)
  11 merfolk impalers
  3 great orbs of eyes
  7 hydras
  A vault guard (D:13)
  4 centaur warriors
  A catoblepas (Lair:6)
  A catoblepas (shapeshifter) (D:15)
  An alligator snapping turtle (Shoals:4)
  Erolcha (D:13)
  An ogre mage (D:13)
  6 two-headed ogres
  3 merfolk avatars
  4 merfolk aquamancers
  31 dancing weapons
  The ghost of vishdafish the Basher, a journeyman GrFi of Okawaru (D:10)
  An orc high priest (Orc:2)
  A satyr (Shoals:3)
  The ghost of Inarius the Geomancer, a novice GrEE of Hepliaklqana (D:8)
  3 death yaks (Lair:2)
  A deep troll earth mage (D:13)
  Urug (Lair:3)
  20 deep elf knights
  A small abomination (Elf:2)
  An unseen horror (D:13)
  A skeletal warrior (D:12)
  15 sea snakes
  A glowing orange brain (D:15)
  A deep troll (D:13)
  15 deep elf archers
  55 deep elf magi
  16 harpies
  3 orc knights
  7 shining eyes
  2 cyclopes
  20 orb spiders
  18 ugly things
  16 wolf spiders
  6 orc sorcerers (Orc:2)
  7 fauns
  16 manticores
  3 moths of wrath
  15 elephants
  Maurice (D:13)
  An ice statue (IceCv)
  A moth of wrath (shapeshifter) (D:15)
  10 merfolk sirens
  2 black mambas (shapeshifter)
  7 black mambas
  2 eyes of devastation (Slime:4)
  6 water nymphs
  3 gargoyles
  17 spiny frogs
  2 rime drakes (Lair:5)
  4 kobold demonologists
  14 komodo dragons
  12 demonic crawlers
  2 freezing wraiths
  A queen bee (Spider:4)
  25 merfolk
  A redback zombie (D:14)
  30 jumping spiders
  3 meliai (Spider:4)
  6 wind drakes
  15 polar bears (IceCv)
  7 trolls
  3 hornets
  Prince Ribbit (D:9)
  7 dream sheep (Lair:6)
  4 tyrant leeches (Lair:6)
  73 slime creatures
  11 hippogriffs
  25 blink frogs
  A meliai zombie (D:14)
  A snapping turtle (shapeshifter) (Elf:2)
  10 snapping turtles
  A dream sheep (shapeshifter) (Elf:2)
  2 centaur simulacra
  11 water elementals
  5 air elementals
  75 redbacks
  2 shadows (D:13)
  41 tarantellas
  A wyvern (Lair:2)
  Sigmund (D:3)
  A vampire (D:12)
  36 yaks
  A basilisk (Lair:2)
  A wyvern (shapeshifter) (D:15)
  6 hogs
  A human (D:7)
  Eustachio (D:4)
  A yak (shapeshifter) (D:14)
  5 fire elementals
  3 golden eyes (Slime:3)
  Grum (Lair:1)
  13 vampire mosquitoes
  6 hungry ghosts
  2 wargs
  An acid dragon (D:14)
  An ice beast (shapeshifter) (D:13)
  10 water moccasins
  13 porcupines
  A hornet zombie (D:12)
  3 sky beasts
  Purgy (D:3)
  22 orc warriors
  13 ice beasts
  3 eyes of draining
  A necrophage (D:7)
  2 black bears
  6 ogres
  2 phantoms (D:4)
  23 wolves
  19 centaurs
  12 crocodiles
  11 big kobolds
  Blork the orc (D:4)
  A bullfrog (shapeshifter) (Elf:2)
  8 gnoll sergeants (Bailey)
  26 bullfrogs
  4 earth elementals (Elf:2)
  A hornet simulacrum (D:14)
  8 scorpions
  26 killer bees
  8 wights
  5 howler monkeys
  3 electric eels
  2 bullfrog zombies
  6 crimson imps
  3 centaur zombies
  2 quasits
  8 jellies
  6 gnoll shamans (Bailey)
  6 hounds
  19 orc priests
  Crazy Yiuf (D:4)
  3 bullfrog skeletons
  38 orc wizards
  7 centaur skeletons
  Jessica (D:3)
  Natasha (thrice) (D:3)
  An iguana (D:6)
  12 worker ants
  A killer bee zombie (D:8)
  14 mummies
  2 hound skeletons
  A worker ant zombie (D:10)
  Robin (D:3)
  33 gnolls
  14 adders
  4 oozes
  An adder zombie (D:4)
  5 worms
  A dart slug (D:3)
  6 leopard geckos
  78 orcs
  6 ball pythons
  8 bats
  10 giant cockroaches
  2 gnoll zombies (D:9)
  33 hobgoblins
  11 jackals
  50 kobolds
  6 quokkas
  3 frilled lizards
  2 gnoll skeletons (Ossuary)
  47 goblins
  3 goblin skeletons (Ossuary)
  A hobgoblin zombie (D:8)
  A jackal skeleton (D:4)
  A leopard gecko skeleton (D:9)
  A leopard gecko zombie (D:7)
  3 orc skeletons (Ossuary)
  An orc zombie (D:8)
  12 rats
  11 rat skeletons (Ossuary)
  A fungus (Lair:6)
  2 plants
  3 tentacles (Shoals:4)
1664 creatures vanquished.

Vanquished Creatures (collateral kills)
  Nessos (D:12)
  3 skeletal warriors (D:12)
  A gargoyle (D:12)
  A merfolk (Shoals:4)
6 creatures vanquished.

Vanquished Creatures (others)
  An orb spider (Spider:1)
  A polar bear (IceCv)
  A redback (Spider:1)
  A water elemental (Elf:1)
  A human (Shoals:1)
  An orc priest (Orc:2)
  An orc (D:13)
  13 fungi (Lair:6)
  37 plants
  9 tentacles (Shoals:4)
66 creatures vanquished.

Grand Total: 1736 creatures vanquished

Notes
Turn   | Place    | Note
-------+----------+-------------------------------------------
     0 | D:1      | greprep the Minotaur Fighter began the quest for the Orb.
     0 | D:1      | Reached XP level 1. HP: 19/19 MP: 0/0
    43 | D:1      | Reached XP level 2. HP: 27/27 MP: 1/1
   451 | D:1      | Reached skill level 1 in Dodging
   605 | D:1      | Reached XP level 3. HP: 30/33 MP: 2/2
   710 | D:1      | Found a glowing golden altar of the Shining One.
  1348 | D:2      | Found a white marble altar of Elyvilon.
  1373 | D:2      | Found an opulent altar of Gozag.
  1424 | D:2      | Reached skill level 3 in Maces & Flails
  1765 | D:3      | Noticed Robin
  1772 | D:3      | Killed Robin
  1772 | D:3      | Reached XP level 4. HP: 35/40 MP: 3/3
  1830 | D:3      | Noticed Jessica
  1839 | D:3      | Killed Jessica
  1907 | D:3      | Noticed Natasha
  1911 | D:3      | Killed Natasha
  1911 | D:3      | Reached XP level 5. HP: 46/46 MP: 4/4
  1970 | D:3      | Noticed Sigmund
  1982 | D:3      | Killed Sigmund
  1982 | D:3      | Reached skill level 4 in Maces & Flails
  1982 | D:3      | Reached skill level 5 in Shields
  1982 | D:3      | Reached XP level 6. HP: 51/52 MP: 5/5
  1991 | D:3      | Noticed Natasha
  1995 | D:3      | Killed Natasha
  2193 | D:3      | Found a glowing drain.
  2208 | Sewer    | Entered a sewer
  2310 | Sewer    | Reached skill level 5 in Maces & Flails
  2310 | Sewer    | Reached skill level 5 in Armour
  2453 | Sewer    | Reached XP level 7. HP: 57/60 MP: 6/6
  2707 | D:3      | Noticed Purgy
  2710 | D:3      | Noticed Natasha
  2725 | D:3      | Killed Natasha
  2742 | D:3      | Killed Purgy
  2878 | D:3      | Reached skill level 5 in Fighting
  3416 | D:3      | Found a deep blue altar of Sif Muna.
  3792 | D:4      | Reached skill level 6 in Maces & Flails
  3808 | D:4      | Reached XP level 8. HP: 66/68 MP: 7/7
  3840 | D:4      | Noticed Eustachio
  3871 | D:4      | Killed Eustachio
  4108 | D:4      | Noticed Blork the orc
  4117 | D:4      | Killed Blork the orc
  4236 | D:4      | Reached skill level 7 in Maces & Flails
  4258 | D:4      | Found a runed door.
  4704 | D:4      | Noticed Crazy Yiuf
  4715 | D:4      | Killed Crazy Yiuf
  4816 | D:5      | Entered Level 5 of the Dungeon
  4823 | D:5      | Reached skill level 5 in Dodging
  4837 | D:5      | Found a shattered altar of Ashenzari.
  4838 | D:5      | Found a burning altar of Makhleb.
  4838 | D:5      | Found a blossoming altar of Fedhas.
  4853 | D:5      | Found a sparkling altar of Nemelex Xobeh.
  5408 | D:6      | Reached XP level 9. HP: 61/75 MP: 8/8
  5608 | D:6      | Reached skill level 8 in Maces & Flails
  5984 | D:6      | Found a stormy altar of Qazlal.
  6217 | D:6      | Became a worshipper of Qazlal Stormbringer
  6588 | D:7      | Reached skill level 9 in Maces & Flails
  7121 | D:7      | Found a staircase to the Ecumenical Temple.
  7174 | D:7      | Reached * piety under Qazlal
  7679 | D:7      | Found an iron altar of Okawaru.
  7729 | D:7      | Reached XP level 10. HP: 72/83 MP: 9/9
  7960 | D:7      | Reached skill level 1 in Invocations
  8090 | D:8      | Reached ** piety under Qazlal
  8379 | D:8      | Reached skill level 10 in Maces & Flails
  8475 | D:8      | Noticed Inarius's ghost (novice GrEE)
  8487 | D:8      | Killed Inarius's ghost
  8500 | D:8      | Found a sand-covered staircase.
  8506 | Ossuary  | Entered an ossuary
  8615 | Ossuary  | Reached *** piety under Qazlal
  8994 | D:8      | Found a shadowy altar of Dithmenos.
  9055 | D:9      | Noticed Prince Ribbit
  9068 | D:9      | Killed Prince Ribbit
  9374 | D:9      | Noticed a two-headed ogre
  9381 | D:9      | Killed a two-headed ogre
  9381 | D:9      | Reached skill level 11 in Maces & Flails
  9381 | D:9      | Reached skill level 10 in Shields
  9503 | D:9      | Reached skill level 5 in Invocations
  9503 | D:9      | Reached XP level 11. HP: 94/94 MP: 11/14
  9939 | D:9      | Reached **** piety under Qazlal
  9953 | D:9      | Found a basalt altar of Yredelemnul.
 10081 | D:10     | Entered Level 10 of the Dungeon
 10216 | D:10     | Noticed vishdafish's ghost (journeyman GrFi)
 10239 | D:10     | Killed vishdafish's ghost
 10239 | D:10     | Reached XP level 12. HP: 65/102 MP: 15/15
 10342 | D:10     | Found a flagged portal.
 10361 | Bailey   | Entered a bailey
 11158 | D:11     | Reached skill level 12 in Maces & Flails
 11224 | D:11     | Found a staircase to the Orcish Mines.
 11303 | D:11     | Reached ***** piety under Qazlal
 11581 | D:11     | Found a staircase to the Lair.
 12207 | D:12     | Noticed Nessos
 12210 | D:12     | Reached skill level 10 in Armour
 12257 | D:12     | Killed Nessos
 12271 | D:12     | Reached skill level 10 in Dodging
 12773 | Orc:1    | Entered Level 1 of the Orcish Mines
 12956 | Orc:1    | Found Noycsul's General Store.
 13130 | Orc:2    | Entered Level 2 of the Orcish Mines
 13130 | Orc:2    | Found a staircase to the Elven Halls.
 13207 | Orc:2    | Reached XP level 13. HP: 92/111 MP: 17/17
 13211 | Orc:2    | Paralysed by an orc sorcerer for 7 turns
 13426 | Orc:2    | Gained mutation: Your magical capacity is low. (-10% MP) [a neqoxec]
 13773 | Orc:2    | Reached skill level 13 in Maces & Flails
 13818 | Orc:2    | Paralysed by an orc sorcerer for 2 turns
 14057 | Orc:2    | Found Isolir's Antique Armour Boutique.
 14057 | Orc:2    | Found Waituxerith's Armour Boutique.
 14058 | Orc:2    | Found Wibiycla's Book Shop.
 14061 | Orc:2    | Found Damobuz's Gadget Shop.
 14068 | Orc:2    | Bought a steaming plate armour for 868 gold pieces
 14078 | Orc:2    | Identified the +3 plate armour "Caidd" {rElec rF+} (You bought it in a shop on level 2 of the Orcish Mines)
 14078 | Orc:2    | Bought a pair of runed boots for 232 gold pieces
 14969 | Lair:1   | Entered Level 1 of the Lair of Beasts
 15034 | Lair:1   | Noticed Grum
 15053 | Lair:1   | Killed Grum
 15081 | Lair:1   | Found a frozen archway.
 15092 | Lair:1   | Reached ****** piety under Qazlal
 15110 | IceCv    | Entered an ice cave
 15179 | IceCv    | Noticed theElss's ghost (journeyman GrBe)
 15280 | IceCv    | Killed theElss's ghost
 15353 | IceCv    | Noticed a frost giant
 15418 | IceCv    | Killed a frost giant
 16173 | IceCv    | Got a dazzling great mace
 16179 | IceCv    | Got a dazzling halberd
 16190 | IceCv    | Identified the +8 great mace "Asto" {crush, *Contam rElec MR++} (You found it in an ice cave)
 16191 | IceCv    | Identified the +5 halberd "Jellyslayer" {freeze, Str+2} (You found it in an ice cave)
 17238 | Lair:2   | Reached XP level 14. HP: 60/119 MP: 17/17
 17239 | Lair:2   | Reached skill level 10 in Fighting
 17274 | Lair:2   | Reached skill level 14 in Maces & Flails
 17349 | Lair:2   | Found a hole to the Spider Nest.
 17495 | Lair:2   | Found a sparkling altar of Nemelex Xobeh.
 18072 | Lair:3   | Noticed Urug
 18085 | Lair:3   | Killed Urug
 19293 | Lair:4   | Found a staircase to the Shoals.
 19740 | Lair:5   | Found a staircase to the Slime Pits.
 19740 | Lair:5   | Found a viscous altar of Jiyva.
 20134 | Lair:6   | Entered Level 6 of the Lair of Beasts
 20158 | Lair:6   | Reached skill level 15 in Maces & Flails
 20397 | Lair:6   | Reached skill level 10 in Invocations
 20496 | Lair:6   | Reached XP level 15. HP: 124/128 MP: 19/19
 20752 | Lair:6   | Reached skill level 16 in Maces & Flails
 21737 | D:13     | Noticed Maurice
 21742 | D:13     | Noticed Erolcha
 21747 | D:13     | Killed Maurice
 21759 | D:13     | Killed Erolcha
 21895 | D:13     | Noticed Rupert
 21917 | D:13     | Killed Rupert
 22141 | D:13     | Found a gate to the Vaults.
 22888 | D:14     | Found a sacrificial altar of Ru.
 22947 | D:14     | Reached skill level 17 in Maces & Flails
 23122 | D:15     | Entered Level 15 of the Dungeon
 23199 | D:15     | Reached XP level 16. HP: 133/139 MP: 20/20
 23476 | D:15     | Noticed a sphinx
 23476 | D:15     | an azure jelly changed into a sphinx
 23477 | D:15     | Noticed a quicksilver dragon
 23477 | D:15     | a sphinx changed into a quicksilver dragon
 23480 | D:15     | Noticed a golden dragon
 23480 | D:15     | a quicksilver dragon changed into a golden dragon
 23485 | D:15     | Noticed a shadow dragon
 23485 | D:15     | a golden dragon changed into a shadow dragon
 23492 | D:15     | Killed a shadow dragon
 23664 | D:15     | Found a staircase to the Depths.
 23719 | D:15     | Got a slimy chain mail
 23730 | D:15     | Identified the +12 chain mail of Noschog {Slay+3} (You found it on level 15 of the Dungeon)
 24037 | Shoals:1 | Entered Level 1 of the Shoals
 24045 | Shoals:1 | Noticed Kirke
 24065 | Shoals:1 | Killed Kirke
 24367 | Shoals:1 | Reached skill level 18 in Maces & Flails
 25874 | Shoals:3 | Got an ichor-stained quick blade
 26424 | Shoals:4 | Entered Level 4 of the Shoals
 26449 | Shoals:4 | Reached XP level 17. HP: 150/151 MP: 22/22
 26489 | Shoals:4 | Noticed Ilsuiw
 26592 | Shoals:4 | Killed Ilsuiw
 26717 | Shoals:4 | Noticed a kraken
 26732 | Shoals:4 | Killed a kraken
 26856 | Shoals:4 | Reached skill level 19 in Maces & Flails
 27509 | Shoals:4 | Got a barnacled rune of Zot
 27702 | Spider:1 | Entered Level 1 of the Spider Nest
 28015 | Spider:1 | Reached skill level 15 in Fighting
 28165 | Spider:1 | Got an ancient chain mail
 28205 | Spider:1 | Identified the +3 chain mail "Zoetuby" {Dex+7 Slay+2} (You found it on level 1 of the Spider Nest)
 29016 | Spider:2 | Identified the +5 quick blade of the Moons {pierce, rC- MP+9 Int+4 Stlth+} (You found it on level 3 of the Shoals)
 29938 | Spider:3 | Noticed Arachne
 29954 | Spider:3 | Killed Arachne
 29954 | Spider:3 | Reached XP level 18. HP: 150/163 MP: 23/23
 31230 | Spider:4 | Entered Level 4 of the Spider Nest
 31381 | Spider:4 | Reached skill level 20 in Maces & Flails
 31695 | Spider:4 | Reached skill level 15 in Armour
 31857 | Spider:4 | Got a gossamer rune of Zot
 31997 | Spider:4 | Noticed Britaniac's ghost (adept DEFE)
 32000 | Spider:4 | Killed Britaniac's ghost
 32589 | Elf:1    | Entered Level 1 of the Elven Halls
 33252 | Elf:1    | Reached skill level 15 in Dodging
 33589 | Elf:1    | Reached XP level 19. HP: 152/177 MP: 24/24
 34235 | Elf:2    | Found a runed gate.
 34237 | Elf:2    | Found a runed gate.
 34237 | Elf:2    | Found a runed gate.
 34337 | Elf:2    | Noticed Agnes
 34356 | Elf:2    | Killed Agnes
 34771 | Elf:3    | Entered Level 3 of the Elven Halls
 35008 | Elf:3    | Found Diroz's Armour Shop.
 35307 | Elf:3    | Noticed Aizul
 35331 | Elf:3    | Killed Aizul
 35368 | Elf:3    | Reached skill level 21 in Maces & Flails
 35381 | Elf:3    | Noticed a Brimstone Fiend
 35753 | Elf:3    | Noticed a Brimstone Fiend
 35958 | Elf:3    | Noticed a Brimstone Fiend
 36098 | Elf:3    | Noticed a Brimstone Fiend
 36426 | Elf:3    | Reached XP level 20. HP: 189/189 MP: 26/26
 36656 | Elf:3    | Got a crystal hand axe {elec}
 36664 | Elf:3    | Got a polished war axe
 36677 | Elf:3    | Identified Sif Muna's Incunabulum of Harmful Orientation
 36725 | Elf:3    | Got a fine brass ring
 36742 | Elf:3    | Identified the +8 war axe of Pestilence {venom, rN+ Dex+2} (You found it on level 3 of the Elven Halls)
 36743 | Elf:3    | Identified the +5 hand axe "Qiqiniqu" {elec, rC+} (You took it off a deep elf annihilator on level 3 of the Elven Halls)
 36751 | Elf:3    | Identified the ring of Xalaffit {MR+ Dex+3} (You found it on level 3 of the Elven Halls)
 37515 | Slime:1  | Entered Level 1 of the Pits of Slime
 37670 | Slime:1  | Gained mutation: You do not regenerate when monsters are visible. [a shining eye]
 37671 | Slime:1  | Gained mutation: Armour fits poorly on your strangely shaped body. [a shining eye]
 37680 | Slime:1  | Gained mutation: Your body sometimes deteriorates upon taking damage. [a shining eye]
 37683 | Slime:1  | Gained mutation: Scrolls take you a little longer to read. [a shining eye]
 37684 | Slime:1  | Gained mutation: You are clumsy. (Dex -2) [a shining eye]
 37686 | Slime:1  | Gained mutation: Your body often deteriorates upon taking damage. [a shining eye]
 37901 | Slime:2  | Gained mutation: You occasionally shout uncontrollably at your foes. [a shining eye]
 38552 | Slime:2  | Gained mutation: You are very clumsy. (Dex -4) [a shining eye]
 39110 | Slime:3  | Gained mutation: Scrolls take you longer to read. [a shining eye]
 39111 | Slime:3  | Gained mutation: You tend to lose your temper in combat. [a shining eye]
 40397 | Slime:5  | Entered Level 5 of the Pits of Slime
 40422 | Slime:5  | Noticed the Royal Jelly
 40473 | Slime:5  | Gained mutation: Your magical capacity is very low. (-20% MP) [a shining eye]
 40477 | Slime:5  | Lost mutation: Your body often deteriorates upon taking damage. [a shining eye]
 40479 | Slime:5  | Killed the Royal Jelly
 40480 | Slime:5  | Gained mutation: You expend magic power (3 MP) to strengthen your wands. [a shining eye]
 40486 | Slime:5  | HP: 7/193 [acid (8)]
 40486 | Slime:5  | Killed from afar by an acid blob

Skill      XL: |  1  2  3  4  5  6  7  8  9 10 11 12 13 14 15 16 17 18 19 20 |
---------------+-------------------------------------------------------------+-----
Shields        | 4 5 6 7 9 10 12 14 | 14.8
Dodging        | 1 2 3 4 5 6 8 9 10 11 12 13 14 15 16 | 16.1
Fighting       | 4 5 6 8 9 10 12 13 15 17 18 20 | 20.1
Armour         | 4 5 7 8 9 10 11 12 13 14 15 16 17 | 17.0
Maces & Flails | 3 4 5 6 7 9 11 12 13 15 17 18 19 20 21 | 21.6
Invocations    | 5 6 7 8 10 11 12 13 14 | 14.2

Action                   |  1- 3 |  4- 6 |  7- 9 | 10-12 | 13-15 | 16-18 | 19-21 || total
-------------------------+-------+-------+-------+-------+-------+-------+-------++-------
Melee: Flail             |    86 |   126 |   587 |    51 |       |       |       ||   850
       Headbutt          |    16 |    17 |   112 |   181 |   266 |   218 |   142 ||   952
       Mace              |       |       |       |   682 |   443 |       |       ||  1125
       Great mace        |       |       |       |       |   627 |  1045 |   593 ||  2265
Invok: Elemental Force   |       |       |       |     2 |       |     2 |       ||     4
Evoke: Wand              |       |       |       |       |     1 |     4 |     1 ||     6
  Use: Potion            |     1 |       |       |     2 |    12 |     6 |    18 ||    39
       Scroll            |       |       |       |    23 |    10 |     8 |     7 ||    48
 Stab: Distracted        |       |       |       |     1 |       |     2 |       ||     3
       Held in net/web   |       |       |       |       |       |     2 |       ||     2
  Eat: Chunk             |     2 |     3 |    15 |     7 |    22 |    17 |     4 ||    70
       Bread ration      |       |       |     1 |     1 |     2 |       |     1 ||     5
       Fruit             |       |       |       |     2 |       |       |       ||     2
       Meat ration       |       |       |       |     1 |     1 |     3 |     3 ||     8
       Royal jelly       |       |       |       |       |     1 |     1 |     1 ||     3
Armor: Scale mail        |    42 |    55 |   224 |    58 |       |       |       ||   379
       Crystal plate arm |       |       |       |   147 |    38 |       |       ||   185
       Plate armour      |       |       |       |       |   465 |    28 |       ||   493
       Chain mail        |       |       |       |       |       |   534 |   246 ||   780
Dodge: Dodged            |    39 |    57 |   258 |   225 |   577 |   814 |   358 ||  2328
       Deflected         |       |       |       |     8 |    27 |    46 |    23 ||   104
Block: Shield            |    52 |   104 |   390 |   577 |   455 |       |       ||  1578
       Other             |       |       |       |       |   249 |   400 |   172 ||   821
